AoeStats
← Fran

African Clearing

505161968Analyzed
3v3 RM · 26d ago on Sep 8, 2026· 69m 16s· 6 players
Game mode
Random Map
Map size
Normal (6 player)
Population
200
Speed
Normal
Resources
Standard
Victory
Conquest
Starting age
Dark Age
Ending age
Imperial Age
RankedLock teamsTeams togetherTeam positionsShared explorationLock speedFull tech treeHidden civsTurbo modeCheats
Victory
Defeat
🇦🇺 Huns · Australia
1003
+16
🇦🇷 Khmer · Argentina
992
+17
🇧🇷 Poles · Brazil
924
+19
🇺🇸 Spanish · United States
1017
-18
🇺🇸 Persians · United States
994
-17
🇺🇸 Vietnamese · United States
994
-17
KingJo
13:31 Loom
15:34 Feudal Age
16:30 Double-Bit Axe
24:48 Castle Age
24:41 Scale Barding Armor
25:57 Horse Collar
27:33 Gold Mining
29:47 Bloodlines
34:07 Heavy Plow
36:49 Marauders
37:21 Forging
42:07 Imperial Age
40:29 Gold Shaft Mining
41:30 Chain Barding Armor
43:08 Iron Casting
42:35 Husbandry
43:37 Conscription
45:06 Plate Barding Armor
45:32 Blast Furnace
46:10 Elite Tarkan
51:28 Pikeman
53:39 Wheelbarrow
52:50 Town Watch
53:03 Halberdier
53:44 Scale Mail Armor
55:09 Chain Mail Armor
54:58 Squires
54:44 Arson
56:39 Hand Cart
56:45 Cavalier
57:53 Paladin
Biscoitoso
3:56 Loom
17:14 Feudal Age
22:09 Castle Age
20:31 Forging
20:27 Scale Barding Armor
21:34 Bloodlines
21:52 Fletching
22:03 Padded Archer Armor
22:03 Scale Mail Armor
21:55 Horse Collar
22:03 Double-Bit Axe
24:22 Bow Saw
24:44 Husbandry
25:44 Stone Mining
26:14 Fervor
28:12 Iron Casting
30:20 Chain Barding Armor
30:00 Gold Mining
30:54 Stone Shaft Mining
31:40 Town Watch
32:30 Wheelbarrow
33:48 Squires
33:33 Arson
34:02 Bodkin Arrow
34:23 Chain Mail Armor
38:44 Imperial Age
37:02 Leather Archer Armor
37:32 Heavy Plow
37:41 Caravan
40:13 Crop Rotation
39:11 Pikeman
39:13 Cavalier
39:16 Light Cavalry
40:24 Conscription
40:42 Hoardings
42:17 Blast Furnace
41:49 Plate Mail Armor
41:10 Capped Ram
42:20 Szlachta Privileges
42:49 Ballistics
42:12 Treadmill Crane
44:07 Coinage
43:46 Bracer
43:51 Siege Ram
46:06 Winged Hussar
46:10 Onager
47:31 Murder Holes
47:49 Masonry
48:18 Hand Cart
49:07 Siege Engineers
50:03 Chemistry
48:49 Arrowslits
50:22 Fortified Wall
50:19 Devotion
50:40 Sanctity
54:45 Elite Skirmisher
55:31 Thumb Ring
54:46 Crossbowman
55:55 Crossbowman
57:34 Lechitic Legacy
59:25 Bombard Tower
59:13 Town Patrol
59:48 Banking
59:21 Arbalester
61:41 Elite Obuch
Fran
12:08 Loom
15:03 Feudal Age
Skyhook
11:56 Loom
15:45 Feudal Age
20:21 Castle Age
19:20 Double-Bit Axe
19:19 Horse Collar
20:48 Forging
21:44 Husbandry
23:55 Loom
31:48 Wheelbarrow
31:51 Bloodlines
34:20 Hand Cart
34:37 Scale Barding Armor
35:07 Iron Casting
36:53 Iron Casting
36:33 Heavy Plow
37:52 Town Watch
39:03 Bow Saw
38:48 Gold Mining
43:38 Imperial Age
41:55 Chain Barding Armor
43:20 Stone Mining
44:08 Gold Shaft Mining
44:22 Cavalier
47:05 Savar
48:56 Plate Barding Armor
52:22 Blast Furnace
56:01 Town Patrol
57:34 Conscription
60:59 Thumb Ring
61:23 Parthian Tactics
60:19 Heavy Cavalry Archer
61:31 Parthian Tactics
60:27 Heavy Cavalry Archer
62:17 Kamandaran
61:44 Crossbowman
63:39 Caravan
69:21 Padded Archer Armor
69:11 Fletching
Yung Dreamer
7:54 Loom
26:56 Feudal Age
28:32 Stone Mining
28:29 Double-Bit Axe
29:04 Horse Collar
30:17 Gold Mining
38:03 Castle Age
37:21 Padded Archer Armor
38:47 Heavy Plow
39:00 Bow Saw
39:28 Wheelbarrow
41:12 Stone Shaft Mining
41:50 Leather Archer Armor
41:50 Bloodlines
41:40 Husbandry
43:40 Hand Cart
44:42 Town Watch
46:39 Forging
46:29 Scale Mail Armor
56:39 Murder Holes
57:52 Town Patrol
62:33 Iron Casting
62:03 Scale Barding Armor
67:47 Imperial Age
65:42 Chain Barding Armor
66:17 Caravan
Carl Friedrich Gauss
10:59 Loom
15:03 Feudal Age
15:49 Double-Bit Axe
16:03 Gold Mining
28:25 Castle Age
26:44 Fletching
27:31 Scale Mail Armor
27:41 Forging
28:21 Stone Mining
29:54 Chain Mail Armor
31:59 Bow Saw
32:02 Horse Collar
33:50 Squires
35:08 Pikeman
36:00 Heavy Plow
40:41 Wheelbarrow
41:35 Iron Casting
46:38 Imperial Age
46:01 Stone Shaft Mining
46:47 Halberdier
49:46 Two-Man Saw
49:46 Crop Rotation
51:15 Plate Mail Armor
51:59 Elite Fire Lancer
56:42 Onager
58:46 Fletching
58:56 Padded Archer Armor
59:58 Hand Cart
59:30 Town Watch
59:42 Bodkin Arrow
61:20 Paper Money
61:52 Leather Archer Armor
61:37 Bracer
61:48 Siege Engineers
62:27 Thumb Ring
61:43 Elite Skirmisher
63:42 Imperial Skirmisher
65:33 Ring Archer Armor
67:49 Ballistics
68:30 Chemistry
Connection lost

Rejoining the realm…

Still unreachable

The connection could not be restored.

Session expired

The server has moved on; the page needs a fresh start.